 Dungeon Crawl Stone Soup version 0.32-a0-132-g2d33c3cfaf (webtiles) character file.

Game seed: 13492247315271936392

354211 Majang the Peltast (level 23, 0/187 HPs)
             Began as a Formicid Fighter on Feb 7, 2024.
             Was the Champion of Cheibriados.
             Slain by Mennas
             ... wielding a +1 trishula of holy wrath
              (12 damage)
             ... on level 2 of the Vaults on Feb 9, 2024.
             The game lasted 04:35:05 (45790 turns).

Majang the Peltast (Formicid Fighter)              Turns: 45790, Time: 04:35:06

Health: 0/187      AC: 29    Str: 48    XL:     23   Next: 31%
Magic:  7/34       EV: 23    Int: 22    God:    Cheibriados [******]
Gold:   2301       SH: 24    Dex: 35    Spells: 22/22 levels left

rFire   + . .        a - +7 lajatang "Vuleff" {freeze, rPois rF+ rN+ Str-2}
rCold   + . .        v - +0 kite shield
rNeg    + . .        y - +0 plate armour {rC+}
rPois   +            (helmet unavailable)
rElec   .            N - +2 cloak {Will+}
rCorr   .            q - +2 pair of gloves {Dex+3}
SInv    +            T - +2 pair of boots
Will    +++..        m - amulet of reflection Stlth
                     A - +6 ring of strength
HPRegen 0.51/turn    C - +4 ring of slaying
MPRegen 0.24/turn

%: reflection
@: mighty, glowing, studying Armour, silenced, very slow
A: permanent stasis, dig shafts and tunnels, antennae 3, four strong arms
}: 2/15 runes: barnacled, gossamer
a: Dig, Shaft Self, Renounce Religion


You were on level 2 of the Vaults.
You worshipped Cheibriados.
Cheibriados was exalted by your worship.
You visited 8 branches of the dungeon, and saw 35 of its levels.

You collected 5694 gold pieces.
You spent 3393 gold pieces at shops.

Inventory:

Hand Weapons
 a - the +7 lajatang "Vuleff" (weapon) {freeze, rPois rF+ rN+ Str-2}
   (You acquired it on level 1 of the Elven Halls)

   Str-2:     It affects your strength (-2).
   rF+:       It protects you from fire.
   rPois:     It protects you from poison rN+: It protects you from negative
   energy.
 b - the +10 arbalest of Action {antimagic, rElec}
   (You found it on level 3 of the Spider Nest)

   rElec:     It insulates you from electricity.
 c - a +6 spectral bardiche
 i - a +3 longbow of flaming
Armour
 g - +0 fire dragon scales
 p - a +2 chain mail of fire resistance
 q - a +2 pair of gloves of dexterity (worn)
 v - a +0 kite shield (worn)
 y - a +0 plate armour of cold resistance (worn)
 L - the scarf "Kusyrunk" {rC+ rF+, Str+4}
   (You acquired it on level 12 of the Dungeon)

   Str+4:     It affects your strength (+4).
 N - a +2 cloak of willpower (worn)
 T - a +2 pair of boots (worn)
 V - a scarf of repulsion
Jewellery
 h - a ring of ice
 j - a ring of flight
 m - an amulet of reflection (around neck)
 A - a +6 ring of strength (left hand)
 C - a +4 ring of slaying (right hand)
Wands
 D - a wand of acid (8)
 F - a wand of digging (21)
 K - a wand of flame (58)
 O - a wand of iceblast (24)
Scrolls
 k - 4 scrolls of revelation
 l - 2 scrolls of enchant armour
 n - 2 scrolls of identify
 z - 3 scrolls of butterflies
 B - 3 scrolls of fog
 Q - 5 scrolls of poison
 R - 4 scrolls of immolation
 S - 3 scrolls of fear
Potions
 e - 4 potions of magic
 f - 7 potions of attraction
 o - 7 potions of ambrosia
 r - 3 potions of resistance
 s - 14 potions of curing
 t - 3 potions of brilliance
 u - 5 potions of heal wounds
 w - 3 potions of enlightenment
 x - 4 potions of lignification
 G - 2 potions of cancellation
 P - 8 potions of mutation
 U - a potion of invisibility
Miscellaneous
 E - a lightning rod (4/4)
 H - a phial of floods
 J - a sack of spiders
 M - a condenser vane


   Skills:
 + Level 17.0 Fighting
 * Level 13.2(16.4) Polearms
 - Level 15.9(17.7) Staves
 * Level 17.6 Ranged Weapons
 + Level 18.2 Armour
 + Level 11.7 Dodging
 + Level 19.9 Shields
 + Level 14.9 Invocations


You had 22 spell levels left.
You didn't know any spells.
Your spell library contained the following spells:

 Spells                   Type           Power      Damage    Failure   Level
 Apportation              Tloc           0%         N/A       45%         1
 Magic Dart               Conj           0%         1d3       45%         1
 Necrotise                Necr           0%         1d4       45%         1
 Shock                    Conj/Air       0%         1d3       45%         1
 Cigotuvi's Dreadful Rot  Necr/Alch/Air  0%         N/A       58%         2
 Jinxbite                 Hex            0%         N/A       58%         2
 Lesser Beckoning         Tloc           0%         N/A       58%         2
 Searing Ray              Conj           0%         2d4       58%         2
 Call Canine Familiar     Summ           0%         N/A       83%         3
 Gell's Gravitas          Tloc           0%         N/A       83%         3
 Ozocubu's Armour         Ice            0%         N/A       83%         3
 Sigil of Binding         Hex            0%         N/A       83%         3
 Teleport Other           Tloc           0%         N/A       83%         3
 Tukima's Dance           Hex            0%         N/A       83%         3
 Vampiric Draining        Necr           0%         2d6       83%         3
 Airstrike                Air            0%         2d(0-16)  99%         4
 Brom's Barrelling Bould  Conj/Erth      0%         2d3       99%         4
 Dimensional Bullseye     Hex/Tloc       0%         N/A       99%         4
 Dispel Undead            Necr           0%         3d6       99%         4
 Fulminant Prism          Conj/Alch      0%         3d5       99%         4
 Ignite Poison            Fire/Alch      0%         N/A       99%         4
 Iskenderun's Mystic Bla  Conj/Tloc      0%         2d3       99%         4
 Leda's Liquefaction      Alch/Erth      0%         N/A       99%         4
 Martyr's Knell           Necr/Summ      0%         N/A       99%         4
 Sticky Flame             Fire/Alch      0%         2d4       99%         4
 Alistair's Intoxication  Alch           0%         N/A       100%        5
 Curse of Agony           Necr           0%         N/A       100%        5
 Fireball                 Conj/Fire      0%         3d3       100%        5
 Iskenderun's Battlesphe  Conj           0%         2d6       100%        5
 Lee's Rapid Deconstruct  Erth           0%         3d4*      100%        5
 Metabolic Englaciation   Hex/Ice        0%         N/A       100%        5
 Summon Forest            Summ/Tloc      0%         N/A       100%        5
 Summon Mana Viper        Hex/Summ       0%         N/A       100%        5
 Yara's Violent Unravell  Hex/Alch       0%         3d3       100%        5
 Bombard                  Conj/Erth      0%         9d1       100%        6
 Conjure Ball Lightning   Conj/Air       0%         3x3d6     100%        6
 Death Channel            Necr           0%         N/A       100%        6
 Sculpt Simulacrum        Ice/Alch       0%         N/A       100%        6
 Summon Cactus Giant      Summ           0%         N/A       100%        6
 Enfeeble                 Hex            0%         N/A       100%        7
 Orb of Destruction       Conj           0%         9d5       100%        7
 Ignition                 Fire           0%         3d3       100%        8
 Swiftness                Air            Unusable   N/A       N/A         3

Dungeon Overview and Level Annotations

Branches:
Dungeon (15/15)            Temple (1/1) D:5            Lair (5/5) D:9
 Shoals (4/4) Lair:3       Spider (4/4) Lair:3        Slime (0/5) Lair:5
    Orc (2/2) D:9             Elf (2/3) Orc:2        Vaults (2/5) D:13
 Depths (0/4) D:15
  Crypt: Vaults:2-3

Altars:
Ashenzari
Cheibriados
Dithmenos
Elyvilon
Fedhas
Gozag
Hepliaklqana
Kikubaaqudgha
Makhleb
Nemelex Xobeh
Okawaru
Qazlal
Ru
Sif Muna
Trog
Uskayaw
Vehumet
Wu Jian
Xom
Yredelemnul
Zin
The Shining One
Lugonu

Shops:
D:5 :   D:7 :   D:8 !   D:15 [   Orc:1 [   Orc:2 *((:   Elf:2 =   Shoals:3 [
Vaults:1 (

Portals:
Abyss: Lair:5

Annotations:
Vaults:2 Mennas


Innate Abilities, Weirdness & Mutations

You cannot be hasted, slowed, berserked, paralysed or teleported.
You can dig through walls and to a lower floor.
You have a pair of large antennae on your head. (SInv)
Your four strong arms can wield two-handed weapons with a shield.


Message History

The ironbound thunderhulk misses you.
The great orb of eyes pulsates ominously.
The great orb of eyes gazes at you. You resist with almost no effort.
You cut Mennas into ribbons!!! You freeze Mennas.
Mennas is almost dead.
Mennas gestures at you.
You block Mennas's attack. x2; You block the yaktaur's attack.
The yaktaur captain completely misses you.
The great orb of eyes bites you but does no damage.
The vault warden hits you with a +0 war axe!
Mennas blocks your attack.
Mennas is almost dead.
Mennas misses you. You block Mennas's attack.
The yaktaur hits you but does no damage.
The ironbound thunderhulk hits you with a +0 dire flail.
Unknown command.
Mennas blocks your attack.
Mennas is almost dead.
Mennas hits you with a +1 trishula of holy wrath!
Mennas hits you but does no damage.
The great orb of eyes bites you but does no damage.
You block the yaktaur captain's attack. You block the vault warden's attack.
You block the yaktaur's attack. Mennas blocks your attack.
Mennas is almost dead.
You block Mennas's attack.
Mennas hits you with a +1 trishula of holy wrath!
An ironbound preserver comes into view. It is wielding a +0 morningstar.
You block the ironbound thunderhulk's attack.
You block the great orb of eyes's attack.
The yaktaur captain hits you!
* * * LOW HITPOINT WARNING * * *
The vault warden hits you with a +0 war axe!!
* * * LOW HITPOINT WARNING * * *
Mennas hits you with a +1 trishula of holy wrath!
* * * LOW HITPOINT WARNING * * *
Mennas hits you with a +1 trishula of holy wrath!
You die...
Cheibriados appreciates the motionlessness of death.

#####
#.......#
#...p...#
#.......#
#.......#
#.......#
#.......#
#..c....#
#.cpGc..#
#pA@cc..#
#'O######
#...p,
#....
#....,
......
...!###
....


You could see Mennas (silencing), an ironbound preserver, a vault warden, an
ironbound thunderhulk (unsilenced), 2 yaktaur captains, a great orb of eyes
(unsilenced), a vault sentinel, an ironbound convoker and 3 yaktaurs.

Vanquished Creatures
  Sojobo (Vaults:1)
  Saint Roka (Orc:2)
  Arachne (Spider:4)
  Jorgrun (D:15)
  A titan (Shoals:4)
  Polyphemus (Shoals:4)
  Kirke (Spider:1)
  Agnes (D:14)
  2 tengu reavers (Vaults:2)
  5 emperor scorpions
  2 vault wardens
  5 ghost moths
  An orc warlord (Vaults:1)
  A deep elf sorcerer (Elf:2)
  5 ironbound preservers (Vaults:1)
  2 formless jellyfish
  2 ironbound thunderhulks (Vaults:1)
  A broodmother (Spider:1)
  Azrael (D:14)
  Nessos (D:13)
  A war gargoyle (Vaults:1)
  7 dire elephants
  A spark wasp (Spider:4)
  Snorg (Orc:2)
  3 merfolk javelineers (Shoals:4)
  8 merfolk impalers
  The ghost of Drangen the Nimble, a journeyman GnHs of Okawaru (D:12)
  4 entropy weavers
  A fire dragon (D:12)
  A crystal guardian (Vaults:1)
  2 spectral krakens (Shoals:1)
  Fannar (Lair:3)
  4 yaktaur captains (Vaults:1)
  A rakshasa (D:13)
  A peacekeeper (Vaults:1)
  An ogre mage (D:14)
  18 boulder beetles
  4 jorogumos
  The ghost of hitsuchi the Destroyer, a journeyman TeAE of Cheibriados (D:11)
  10 hydras
  10 centaur warriors
  3 death knights (D:13)
  An alligator snapping turtle (Shoals:4)
  3 ghost crabs (Shoals:1)
  8 merfolk avatars
  4 catoblepae
  2 radroaches (Spider:3)
  31 dancing weapons
  2 ironbound frosthearts (Vaults:1)
  14 two-headed ogres
  10 merfolk aquamancers
  4 satyrs
  12 death yaks
  7 demonic crawlers
  2 tengu warriors (D:15)
  Nergalle (Orc:1)
  5 orc high priests
  4 thrashing horrors (Lair:5)
  19 deep elf knights
  Sonja (D:13)
  A fire crab (Lair:4)
  9 skysharks
  3 wretched stars (D:14)
  3 cherubim (D:14)
  5 pharaoh ants
  4 sea snakes
  12 deep trolls (Vaults:1)
  12 orb spiders
  3 arcanists (Vaults:1)
  5 deep elf archers
  Pikel (D:7)
  4 sun moths
  12 orc knights
  2 lindwurms
  A harpy (shapeshifter) (Lair:5)
  16 deep elf zephyrmancers
  6 ironbound convokers
  5 steelbarb worms
  17 deep elf pyromancers
  14 harpies
  9 orc sorcerers
  43 ugly things
  A salamander (D:15)
  An oklob plant (Lair:4)
  21 manticores
  14 wolf spiders
  6 moths of wrath
  A manticore (shapeshifter) (D:13)
  15 fauns
  8 cyclopes
  12 black mambas
  2 kobold blastminers (Orc:2)
  7 torpor snails
  7 elephants (Lair:4)
  2 large abominations (Lair:5)
  3 merfolk sirens
  3 vault sentinels (Vaults:1)
  A black mamba (shapeshifter) (D:13)
  9 water nymphs
  2 spectral sea snakes (Shoals:1)
  5 gargoyles
  3 smoke demons (Lair:5)
  15 cane toads
  2 unseen horrors (D:11)
  2 kobold demonologists
  A rime drake (Lair:4)
  2 spectral merfolk (Shoals:1)
  3 tengu conjurers
  A komodo dragon (shapeshifter) (D:13)
  8 trolls
  7 yaktaurs
  The ghost of Luihuable the Firebug, a novice OpFE of Gozag (D:4)
  An efreet (D:14)
  16 komodo dragons
  A freezing wraith (Vaults:1)
  A spectral water nymph (Shoals:1)
  25 merfolk
  40 blink frogs
  3 polar bears (Lair:4)
  6 dream sheep
  A wolf spider simulacrum (D:13)
  19 wind drakes
  23 tarantellas
  A spectral manticore (Shoals:1)
  A raiju (shapeshifter) (D:10)
  5 hornets
  A hornet (shapeshifter) (D:13)
  2 raiju (Lair:5)
  5 centaur simulacra (D:13)
  44 jumping spiders
  25 slime creatures
  A shadow (D:10)
  7 snapping turtles
  Sigmund (D:5)
  21 culicivoras
  8 air elementals (Shoals:4)
  10 spriggans
  25 water elementals
  4 wraiths
  A vampire (D:10)
  A ynoxinul (Lair:5)
  65 yaks
  10 wyverns
  5 hogs (Spider:1)
  The ghost of Pandarussel the Covered, an amateur HOFi (D:3)
  A yak (shapeshifter) (D:15)
  3 fire elementals
  50 redbacks
  15 basilisks
  3 steam dragons
  A redback simulacrum (D:13)
  5 vampire mosquitoes
  5 wargs
  2 chaos spawn (Lair:5)
  7 acid dragons
  3 hell hounds (D:14)
  An acid dragon (shapeshifter) (D:13)
  29 water moccasins
  3 sky beasts (D:11)
  An ice beast (D:6)
  21 orc warriors
  4 black bears
  3 laughing skulls
  8 small abominations (Lair:5)
  6 ogres
  2 crocodiles (shapeshifter)
  3 boggarts (Vaults:1)
  17 wolves
  12 centaurs
  3 lemures (D:7)
  A phantom (D:7)
  20 bullfrogs
  6 kobold brigands
  4 gnoll sergeants
  3 scorpions
  An earth elemental (Elf:2)
  9 wights
  7 killer bees
  7 electric eels
  7 howler monkeys
  5 hounds
  3 jellies
  A gnoll bouda (D:6)
  19 orc priests
  An iguana (D:4)
  2 sleepcaps
  Natasha (thrice) (D:4)
  25 orc wizards
  A hell rat (Lair:4)
  23 gnolls
  3 adders
  A shadow imp (D:6)
  2 white imps
  2 ufetubi (D:6)
  A dart slug (D:3)
  2 ribbon worms
  80 orcs
  4 endoplasms
  3 giant cockroaches (D:1)
  16 goblins
  5 hobgoblins
  3 jackals (D:4)
  40 kobolds
  5 quokkas
  8 ball pythons
  3 bats
  3 frilled lizards
  5 rats (D:2)
  4 tentacles (Shoals:1)
1528 creatures vanquished.

Vanquished Creatures (others)
  2 merfolk aquamancers
  A satyr (Shoals:4)
  A sea snake (Shoals:4)
  A deep elf pyromancer (D:12)
  A water nymph (Shoals:2)
  A blink frog (Lair:4)
  An orc warrior (Orc:2)
  4 tentacles (Shoals:1)
12 creatures vanquished.

Grand Total: 1540 creatures vanquished

Notes
Turn   | Place    | Note
-------+----------+-------------------------------------------
     0 | D:1      | Majang the Formicid Fighter began the quest for the Orb.
     0 | D:1      | Reached XP level 1. HP: 18/18 MP: 1/1
   129 | D:1      | Reached XP level 2. HP: 24/24 MP: 2/2
   387 | D:1      | Reached XP level 3. HP: 30/30 MP: 3/3
   922 | D:3      | Reached XP level 4. HP: 37/37 MP: 4/4
  1056 | D:3      | Found an ornate altar of the Wu Jian Council.
  1308 | D:3      | Found a runed translucent gate.
  1309 | D:3      | Found a runed translucent gate.
  1310 | D:3      | Found a runed translucent gate.
  1312 | D:3      | Noticed Pandarussel's ghost (amateur HOFi)
  1312 | D:3      | Noticed a kobold brigand
  1779 | D:4      | Reached XP level 5. HP: 51/51 MP: 5/5
  1791 | D:4      | Found a runed translucent gate.
  1791 | D:4      | Found a runed translucent gate.
  1791 | D:4      | Found a runed translucent gate.
  1792 | D:4      | Noticed Luihuable's ghost (novice OpFE)
  1805 | D:4      | Killed Luihuable's ghost
  1806 | D:4      | Reached skill level 1 in Ranged Weapons
  1806 | D:4      | Reached XP level 6. HP: 58/60 MP: 6/6
  1806 | D:4      | Reached XP level 7. HP: 63/65 MP: 7/7
  2276 | D:4      | Reached skill level 1 in Dodging
  2557 | D:4      | Noticed Natasha
  2566 | D:4      | Killed Natasha
  2567 | D:4      | Reached skill level 10 in Fighting
  2599 | D:4      | Noticed Natasha
  2607 | D:4      | Killed Natasha
  2608 | D:4      | Reached XP level 8. HP: 67/67 MP: 8/8
  2658 | D:4      | Noticed Natasha
  2665 | D:4      | Killed Natasha
  2694 | D:5      | Entered Level 5 of the Dungeon
  2844 | D:5      | Found Hetuuqujir's Self-Improvement Boutique.
  2916 | D:5      | Noticed Sigmund
  2927 | D:5      | Killed Sigmund
  2978 | D:5      | Found a staircase to the Ecumenical Temple.
  2987 | Temple   | Entered the Ecumenical Temple
  3007 | Temple   | Became a worshipper of Cheibriados the Contemplative
  3469 | D:6      | Found a basalt altar of Yredelemnul.
  3474 | D:6      | Reached skill level 5 in Shields
  3606 | D:6      | Reached skill level 1 in Invocations
  3606 | D:6      | Reached XP level 9. HP: 73/73 MP: 9/9
  3704 | D:6      | Reached * piety under Cheibriados
  4567 | D:7      | Found a shimmering altar of Xom.
  4576 | D:7      | Found a shimmering altar of Xom.
  4577 | D:7      | Found a shimmering altar of Xom.
  4577 | D:7      | Found a shimmering altar of Xom.
  4579 | D:7      | Found a shimmering altar of Xom.
  4581 | D:7      | Found a shimmering altar of Xom.
  4581 | D:7      | Found a shimmering altar of Xom.
  4652 | D:7      | Reached ** piety under Cheibriados
  4790 | D:7      | Found a shadowy altar of Dithmenos.
  4825 | D:7      | Noticed Pikel
  4879 | D:7      | Found a glowing silver altar of Zin.
  4901 | D:7      | Killed Pikel
  5042 | D:7      | Found Apelybog's Book Shoppe.
  5047 | D:7      | Reached skill level 10 in Staves
  5214 | D:7      | Upgraded the game from 0.32-a0-126-g9fbf7fb75a to
                  | 0.32-a0-128-g77eb882913
  5235 | D:8      | Reached XP level 10. HP: 76/82 MP: 11/11
  5340 | D:8      | Reached *** piety under Cheibriados
  5489 | D:8      | Reached skill level 5 in Armour
  5489 | D:8      | Reached skill level 6 in Shields
  5734 | D:8      | Reached **** piety under Cheibriados
  5912 | D:8      | Found Riryo's Distillery.
  5920 | D:8      | Bought a potion of heal wounds for 65 gold pieces
  5920 | D:8      | Bought a potion of heal wounds for 65 gold pieces
  5920 | D:8      | Bought a potion of curing for 39 gold pieces
  5920 | D:8      | Bought a potion of cancellation for 104 gold pieces
  6472 | D:9      | Reached skill level 5 in Ranged Weapons
  6628 | D:9      | Found a staircase to the Lair.
  6985 | D:9      | Found a staircase to the Orcish Mines.
  7105 | D:10     | Entered Level 10 of the Dungeon
  7198 | D:10     | Noticed a two-headed ogre
  7208 | D:10     | Killed a two-headed ogre
  7209 | D:10     | Reached XP level 11. HP: 55/92 MP: 13/13
  7333 | D:10     | Found a glowing golden altar of the Shining One.
  7523 | D:10     | Noticed a two-headed ogre
  7530 | D:10     | Killed a two-headed ogre
  7653 | D:10     | Identified the +0 ring mail of Nemelex Xobeh's Esteem {+Inv
                  | Fly Dex+4}
  7739 | D:10     | Reached ***** piety under Cheibriados
  7750 | D:10     | Reached skill level 7 in Shields
  7950 | D:10     | Noticed a two-headed ogre
  7950 | D:10     | Noticed a two-headed ogre
  7959 | D:10     | Killed a two-headed ogre
  7971 | D:10     | Noticed a two-headed ogre
  7979 | D:10     | Killed a two-headed ogre
  8011 | D:10     | Killed a two-headed ogre
  8012 | D:10     | Reached skill level 5 in Invocations
  8022 | D:10     | Noticed a two-headed ogre
  8036 | D:10     | Killed a two-headed ogre
  8037 | D:10     | Reached XP level 12. HP: 42/100 MP: 15/15
  8697 | Lair:1   | Entered Level 1 of the Lair of Beasts
  8780 | Lair:1   | Reached skill level 8 in Shields
  8926 | Lair:1   | Noticed a death yak
  8927 | Lair:1   | Noticed a death yak
  8927 | Lair:1   | Noticed a death yak
  8928 | Lair:1   | Noticed a death yak
  8941 | Lair:1   | Killed a death yak
  8948 | Lair:1   | Killed a death yak
  8959 | Lair:1   | Killed a death yak
  9149 | Lair:1   | Noticed a death yak
  9166 | Lair:1   | Killed a death yak
  9184 | Lair:1   | Killed a death yak
  9185 | Lair:1   | Reached skill level 5 in Dodging
  9411 | Lair:1   | Reached XP level 13. HP: 86/107 MP: 17/17
  9900 | Lair:1   | Reached skill level 9 in Shields
 10055 | Lair:1   | Identified a scroll of acquirement
 10055 | Lair:1   | Acquired 526 gold pieces
 10138 | D:7      | Bought a manual of Armour for 880 gold pieces
 10264 | Lair:1   | Reached ****** piety under Cheibriados
 12074 | Lair:3   | Reached XP level 14. HP: 107/116 MP: 16/19
 12615 | Lair:3   | Found a hole to the Spider Nest.
 12631 | Lair:3   | Found a hide-covered altar of Uskayaw.
 12679 | Lair:3   | Found an ornate altar of the Wu Jian Council.
 12741 | Lair:3   | Found a staircase to the Shoals.
 12781 | Lair:3   | Reached skill level 10 in Ranged Weapons
 12781 | Lair:3   | Reached skill level 10 in Shields
 12956 | Lair:3   | Noticed Fannar
 13021 | Lair:3   | Killed Fannar
 14581 | Lair:4   | Reached skill level 10 in Armour
 14762 | Lair:4   | Reached XP level 15. HP: 70/122 MP: 21/21
 15303 | Lair:4   | Reached skill level 11 in Shields
 15826 | Lair:4   | Found a burning altar of Makhleb.
 16090 | Lair:5   | Entered Level 5 of the Lair of Beasts
 16796 | Lair:5   | Found a staircase to the Slime Pits.
 18421 | Lair:5   | Reached XP level 16. HP: 61/131 MP: 23/23
 18707 | Lair:5   | Found a corrupted altar of Lugonu.
 18709 | Lair:5   | Found a one-way gate to the infinite horrors of the Abyss.
 19010 | Orc:1    | Entered Level 1 of the Orcish Mines
 19055 | Orc:1    | Found Filo Pemew's Antique Armour Shop.
 19062 | Orc:1    | Noticed Nergalle
 19078 | Orc:1    | Killed Nergalle
 19408 | Orc:2    | Entered Level 2 of the Orcish Mines
 19408 | Orc:2    | Noticed Saint Roka
 19458 | Orc:2    | Noticed Snorg
 19469 | Orc:2    | Killed Snorg
 20340 | Orc:2    | Reached skill level 10 in Invocations
 20565 | Orc:2    | Found a staircase to the Elven Halls.
 21102 | D:5      | Bought a manual of Shields for 1120 gold pieces
 21305 | D:11     | Noticed hitsuchi's ghost (journeyman TeAE)
 21306 | D:11     | Found a runed translucent gate.
 21306 | D:11     | Found a runed translucent gate.
 21307 | D:11     | Found a runed translucent gate.
 21508 | D:11     | Reached skill level 12 in Shields
 21713 | D:11     | Reached skill level 15 in Staves
 21985 | D:12     | Found a transporter.
 22371 | D:12     | Acquired the scarf "Kusyrunk" {rC+ rF+, Str+4}
 22573 | D:12     | Found a transporter.
 22577 | D:12     | Noticed Drangen's ghost (journeyman GnHs)
 23007 | Orc:2    | Killed Saint Roka
 23521 | Orc:2    | Found Osuov's Book Shoppe.
 23521 | Orc:2    | Found Dadaluagg's Weapon Shoppe.
 23522 | Orc:2    | Found Wyoskiry's Weapon Boutique.
 23522 | Orc:2    | Found Sagh's General Store.
 23760 | D:3      | Killed Pandarussel's ghost
 23957 | D:11     | Killed hitsuchi's ghost
 24252 | Elf:1    | Entered Level 1 of the Elven Halls
 24290 | Elf:1    | Reached skill level 13 in Shields
 24568 | Elf:1    | Reached XP level 17. HP: 137/138 MP: 24/24
 25705 | Elf:1    | Acquired the +7 lajatang "Vuleff" {freeze, rPois rF+ rN+
                  | Str-2}
 25985 | Spider:1 | Entered Level 1 of the Spider Nest
 26105 | Spider:1 | Noticed Kirke
 26124 | Spider:1 | Killed Kirke
 26369 | Spider:1 | Reached skill level 1 in Polearms
 26434 | Spider:1 | Reached skill level 14 in Shields
 28326 | Spider:2 | Reached XP level 18. HP: 114/147 MP: 26/26
 28682 | Spider:2 | Upgraded the game from 0.32-a0-128-g77eb882913 to
                  | 0.32-a0-132-g2d33c3cfaf
 28994 | Spider:3 | Identified the +10 arbalest of Action {antimagic, rElec}
 29215 | Spider:3 | Reached skill level 15 in Shields
 29642 | Spider:3 | Reached skill level 5 in Polearms
 29873 | Spider:4 | Entered Level 4 of the Spider Nest
 29989 | Spider:4 | Identified the +8 morningstar "Qyabon" {heavy, *Rage +Blink
                  | rPois Will+}
 30318 | Spider:4 | Reached skill level 15 in Fighting
 30416 | Spider:4 | Noticed Arachne
 30427 | Spider:4 | Killed Arachne
 31372 | Spider:4 | Reached XP level 19. HP: 101/155 MP: 2/28
 31530 | Spider:4 | Got a gossamer rune of Zot
 31860 | Lair:1   | Reached XP level 20. HP: 162/162 MP: 29/29
 32078 | D:13     | Reached skill level 16 in Shields
 32170 | D:13     | Found a gate to the Vaults.
 32235 | D:13     | Reached skill level 15 in Armour
 32261 | D:13     | Noticed Sonja
 32267 | D:13     | Killed Sonja
 32426 | D:13     | Found a hide-covered altar of Uskayaw.
 32740 | D:13     | Noticed Nessos
 32745 | D:13     | Reached skill level 15 in Ranged Weapons
 32751 | D:13     | Killed Nessos
 32919 | D:13     | Identified the +2 shortbow of Wyrd {antimagic, Stlth+}
 33543 | D:14     | Noticed Azrael
 33557 | D:14     | Killed Azrael
 33575 | D:14     | Found a shimmering blue altar of Sif Muna.
 33687 | D:14     | Noticed Agnes
 33690 | D:14     | Reached skill level 10 in Dodging
 33694 | D:14     | Killed Agnes
 34171 | D:14     | Found the +1 cloak of Starlight {*Dazzle EV+4 Stlth--}
 34404 | D:15     | Entered Level 15 of the Dungeon
 34530 | D:15     | Reached skill level 17 in Shields
 34831 | D:15     | Found a staircase to the Depths.
 34846 | D:15     | Noticed Jorgrun
 34870 | D:15     | Killed Jorgrun
 34873 | D:15     | Reached skill level 10 in Polearms
 35157 | D:15     | Found Cuer's Antique Armour Boutique.
 35542 | Shoals:1 | Entered Level 1 of the Shoals
 35852 | Shoals:1 | Reached XP level 21. HP: 170/170 MP: 30/30
 36074 | Shoals:1 | Found a runed translucent door.
 37010 | Shoals:1 | Acquired 575 gold pieces
 37199 | D:5      | Bought a manual of Armour for 1120 gold pieces
 38443 | Shoals:3 | Found Paxeb's Antique Armour Shoppe.
 38504 | Shoals:3 | Reached skill level 18 in Shields
 39203 | Shoals:4 | Entered Level 4 of the Shoals
 39619 | Shoals:4 | Found a stormy altar of Qazlal.
 40382 | Shoals:4 | Reached XP level 22. HP: 178/178 MP: 32/32
 40613 | Shoals:4 | Noticed Polyphemus
 40625 | Shoals:4 | Killed Polyphemus
 40971 | Shoals:4 | Got a barnacled rune of Zot
 41765 | Elf:2    | Found Tief's Jewellery Shop.
 41909 | Elf:2    | Reached skill level 19 in Shields
 42145 | Elf:2    | Found a runed translucent gate.
 42146 | Elf:2    | Found a runed translucent gate.
 42146 | Elf:2    | Found a runed translucent gate.
 43132 | D:12     | Killed Drangen's ghost
 43431 | Vaults:1 | Entered Level 1 of the Vaults
 44011 | Vaults:1 | Acquired a +2 pair of gloves of dexterity
 44664 | Vaults:1 | Found Edinn's Weapon Shop.
 44679 | Vaults:1 | Reached XP level 23. HP: 186/186 MP: 12/33
 45130 | Vaults:1 | Acquired 904 gold pieces
 45357 | Vaults:2 | Noticed Sojobo
 45377 | Vaults:1 | Killed Sojobo
 45764 | Vaults:2 | Noticed Mennas
 45790 | Vaults:2 | Slain by Mennas

Illustrated notes

Levels and vault maps discovered:
D:1:      ebering_trefoil_3fold, layout_loops_ring
D:2:      layout_rooms
D:3:      layout_basic, mainiacjoe_overflow_six_doors_small,
          gammafunk_ghost_nasty_kobolds
D:4:      layout_gridville, ebering_ghost_rock_garden, uniq_natasha
D:5:      layout_basic, minmay_temple_entry_glass, minivault_14,
          grunt_ministairs_9, hex_tiny, nicolae_shop_self_help, uniq_sigmund
D:6:      layout_gridville, mainiacjoe_overflow_cross_hatched, st_stairs_5,
          nicolae_elevator_lobby_plus
D:7:      corexii_shack_village, layout_cave_pods, grunt_dithmenos_shadows,
          zin_statuary, nicolae_xom_altar_mimics, serial_shops,
          nicolae_shop_tiny_glass, corexii_item_surrounded_by_moat, uniq_pikel
D:8:      layout_basic, serial_shops, shop, grunt_ministairs_13
D:9:      layout_roguey, david_lair_generic, orc_0_dummy,
          serial_library_hellmonk_hallway_a
D:10:     minmay_the_grid_3x2 [minmay_the_grid_mess,
          minmay_the_grid_outer_diamond, minmay_the_grid_x,
          minmay_the_grid_box_x, minmay_the_grid_minigrid_small,
          minmay_the_grid_prize_inner_circle], layout_irregular_city,
          lemuel_round_altar, serial_column_ruins, column_ruins_open_small,
          column_ruins_columns_corner, column_ruins_grid_1,
          column_ruins_open_tiny, column_ruins_grid_3
D:11:     layout_loops_ring, gammafunk_ghost_split, hangedman_misty_isle
D:12:     layout_rooms, serial_bayou, serial_bayou_pond_a,
          serial_bayou_lagoon_b, serial_bayou_pond_c, serial_bayou_pond_d,
          gammafunk_ghost_berserking_beasts
D:13:     regret_index_reflect_refract, layout_cave_pools, david_vaults_4,
          nicolae_uskayaw_suspiria, uniq_nessos, uniq_sonja
D:14:     layout_loops_ring, led_sif_pool, hellmonk_guarded_unrand_starlight,
          uniq_agnes, uniq_azrael
D:15:     hangedman_depths_entry_try_elsewhere_first, layout_rooms,
          serial_shops, nicolae_shop_just_a_little_nook, grunt_decor_arrowhead,
          uniq_jorgrun
Temple:   minmay_temple_bridge_d
Lair:1:   layout_chaotic_city
Lair:2:   kb_forest_paths, layout_hall_layers
Lair:3:   layout_misc_corridors, mainiacjoe_shoals_entry_four_pools,
          dummy_spider_entry, nzn_masters_of_martial_movement,
          infiniplex_staircase_pool, uniq_fannar
Lair:4:   nzn_winding_woodlands_huge [nzn_winding_woodlands_5x15_pockets,
          nzn_winding_woodlands_5x15_sawtooth, nzn_winding_woodlands_5x15_twine,
          nzn_winding_woodlands_5x15_jagged,
          nzn_winding_woodlands_5x15_pathside_ponds,
          nzn_winding_woodlands_5x15_eye, nzn_winding_woodlands_5x15_garden,
          nzn_winding_woodlands_5x15_longhouse,
          nzn_winding_woodlands_5x15_sidewinder,
          nzn_winding_woodlands_5x15_lazy_stream,
          nzn_winding_woodlands_center_garden,
          nzn_winding_woodlands_center_pierced_h,
          nzn_winding_woodlands_15x15_killbox], layout_regular_city,
          basic_altar, lemuel_fruit_fields
Lair:5:   hellmonk_lair_end_abyssal_woods, layout_hall_layers, slime_entry_1
Shoals:1: nicolae_shoals_offshore_bank_account, layout_shoals,
          nicolae_shoals_spectral_cove
Shoals:2: cheibrodos_shoals_roost, layout_shoals
Shoals:3: layout_shoals, serial_shops, shop
Shoals:4: shoals_end_hellmonk_storm_palace [storm_palace_center_square,
          storm_palace_corner_reverse_hut, storm_palace_corner_altar,
          storm_palace_corner_narrow, storm_palace_corner_narrow],
          uniq_polyphemus
Spider:1: layout_spider_delve, nicolae_spider_rock_and_or_roll, uniq_kirke
Spider:2: nicolae_spider_jumping_over_cracks [nicolae_spider_jumping_sub_divot,
          nicolae_spider_jumping_sub_stairs, nicolae_spider_jumping_sub_moat,
          nicolae_spider_jumping_sub_lanes]
Spider:3: layout_spider_delve, nicolae_spider_solar_radiation
Spider:4: spider_rune_water, drop_trap, uniq_arachne
Orc:1:    layout_caves, serial_shops, shop,
          regret_index_minedec_shroomtown_chain, nicolae_orc_lost_temple,
          uniq_nergalle
Orc:2:    st_orc_elflike, layout_caves, uniq_saint_roka, uniq_snorg
Elf:1:    layout_loops_cross, nicolae_elf_crossing_hall
Elf:2:    nicolae_elf_blades_crystal_corner, layout_geoelf_octagon,
          serial_shops, shop
Vaults:1: nicolae_vaults_three_branches, ontoclasm_vaults_ring_square,
          nicolae_vaults_trapezoid_lopsided_3, nicolae_vaults_apartment_2,
          nicolae_vaults_diagonal_hallway_9, hangedman_vaults_nodes,
          nicolae_vaults_double_plus_2, hangedman_vaults_corner_blocks,
          dpeg_vaults_monster_row, nicolae_vaults_taking_the_gang_shopping,
          hangedman_vaults_pinch, ontoclasm_vaults_spin, st_smaller_cells,
          nicolae_vaults_trapezoid_3, layout_vaults_omnibox
Vaults:2: ploomutoo_gammafunk_ghost_potion_laboratory, vaults_mumra_minichess,
          v_misc_25, nicolae_vaults_yaktaur_gun_rack, v_pattern_3, v_misc_1,
          v_misc_15, minmay_crypt_entry_simple_round,
          nicolae_vaults_trapezoid_4, layout_vaults_maze_snakey, uniq_sojobo,
          uniq_aizul, uniq_mennas

Skill      XL: |  1  2  3  4  5  6  7  8  9 10 11 12 13 14 15 16 17 18 19 20 21 22 23 |
---------------+----------------------------------------------------------------------+-----
Staves         | 3 9 10 11 12 13 14 15 | 15.9
Fighting       | 4 9 10 11 12 13 14 15 16 17 | 17.0
Ranged Weapons | 1 3 4 5 6 8 9 10 11 12 13 14 15 16 17 | 17.6
Dodging        | 1 2 3 4 5 6 7 8 9 10 11 | 11.7
Armour         | 4 5 6 7 8 10 11 12 13 14 15 16 17 18 | 18.2
Shields        | 5 6 7 8 9 10 11 13 14 15 17 18 19 | 19.9
Invocations    | 1 2 3 5 6 7 8 9 10 11 12 13 14 | 14.9
Polearms       | 3 6 8 10 11 12 13 | 13.2

Action                     |  1- 3 |  4- 6 |  7- 9 | 10-12 | 13-15 | 16-18 | 19-21 | 22-24 || total
---------------------------+-------+-------+-------+-------+-------+-------+-------+-------++-------
  Melee: Quarterstaff      |   113 |    39 |   279 |   471 |   995 |   486 |       |       ||  2383
         Lajatang          |       |       |       |       |       |   455 |   557 |   375 ||  1387
         Bardiche          |       |       |       |       |       |       |     2 |    20 ||    22
   Fire: Orcbow            |       |       |    65 |    16 |       |       |       |       ||    81
         Arbalest          |       |       |       |     8 |       |    68 |   117 |    74 ||   267
         Longbow           |       |       |       |    51 |   168 |   293 |   397 |   143 ||  1052
 Invoke: Slouch            |       |       |       |     1 |     3 |    10 |       |     1 ||    15
         Bend Time         |       |       |       |     1 |     5 |       |       |     2 ||     8
         Step From Time    |       |       |       |       |       |     2 |       |     1 ||     3
Ability: Dig               |       |     1 |     5 |     6 |     7 |    11 |     2 |       ||    32
  Evoke: Lightning rod     |       |       |       |     1 |     1 |       |       |       ||     2
         Wand              |       |       |       |       |       |     6 |       |     4 ||    10
    Use: Scroll            |       |    12 |     3 |     9 |     3 |     8 |     3 |     7 ||    45
         Potion            |       |     1 |       |     3 |     6 |    11 |     3 |     3 ||    27
   Stab: Invisible         |       |       |       |    10 |       |     3 |     1 |       ||    14
         Distracted        |       |       |       |       |     2 |     2 |       |     1 ||     5
         Held in net/web   |       |       |       |       |       |       |     1 |       ||     1
 Armour: Scale mail        |    49 |       |       |       |       |       |       |       ||    49
         Chain mail        |       |    26 |    41 |       |       |   324 |   177 |       ||   568
         Plate armour      |       |       |    69 |   148 |   312 |    13 |   125 |   200 ||   867
  Dodge: Dodged            |    34 |    12 |    39 |    83 |   238 |   359 |   342 |   170 ||  1277
         Repelled          |       |       |       |       |       |       |    13 |    10 ||    23
  Block: Buckler           |    39 |    21 |    32 |       |       |       |       |       ||    92
         Reflection        |       |     2 |     7 |    19 |     1 |    31 |    99 |    59 ||   218
         Kite shield       |       |       |   134 |   340 |   726 |   914 |   800 |   458 ||  3372

Table legend: (Time is in decaauts)
 A = Elapsed time spent in this place.
 B = Non-inter-level travel time spent in this place.
 C = Inter-level travel time spent in this place.
 D = Time resting spent in this place.
 E = Time spent auto-exploring this place.
 F = Levels seen in this place.
 G = Mean time per level.
                   A        B        C        D        E       F      G
               +--------+--------+--------+--------+--------+-----+--------+
         Total |  63388 |  55534 |   7854 |  15860 |   4019 |  35 | 1811.1 |
       Dungeon |  21834 |  18168 |   3666 |   3386 |   1531 |  15 | 1455.6 |
        Temple |     45 |      2 |     43 |      0 |      0 |   1 |   45.0 |
          Lair |  15062 |  13156 |   1906 |   4244 |    633 |   5 | 3012.4 |
        Shoals |   7453 |   6901 |    552 |   1879 |    438 |   4 | 1863.2 |
   Spider Nest |   7651 |   7223 |    428 |   2754 |    645 |   4 | 1912.8 |
  Orcish Mines |   3794 |   3336 |    458 |   1165 |    118 |   2 | 1897.0 |
   Elven Halls |   4464 |   4130 |    334 |   1319 |    599 |   2 | 2232.0 |
        Vaults |   3083 |   2618 |    465 |   1111 |     54 |   2 | 1541.5 |
               +--------+--------+--------+--------+--------+-----+--------+

Top non-repeatable levels by time:
  Lair:4: 3941 daAuts
  Lair:5: 3714 daAuts
   Orc:2: 2935 daAuts
  Lair:1: 2869 daAuts
Vaults:1: 2832 daAuts
Spider:4: 2436 daAuts
Shoals:4: 2416 daAuts
     D:9: 2352 daAuts
  Lair:2: 2304 daAuts
   Elf:1: 2289 daAuts
  Lair:3: 2233 daAuts
    D:11: 2207 daAuts
Spider:1: 2188 daAuts
    D:10: 2179 daAuts
   Elf:2: 2174 daAuts
